Map: Blueshift LE

Players

TIME (Oliveira)

  • Race: Terran Terran
  • Spawn Location: 7:00

Reynor - Winner!

  • Race: Zerg Zerg
  • Spawn Location: 1:00

Event: WCS Montreal 2018

VOD

Have the link to the VOD?

Description

Time

  • Played on: Sept. 9, 2018, 3:58 p.m.
  • Length: 6:23

All games in this series

Show
View Real Time Build Order
Export as new Build Order

TIME Terran 

Build Orders: Hellion Opening, Reaper Expand 

Get SALT Encoding   

  12  0:00  SCV  
  13  0:12  SCV  
  14  0:17  Supply Depot  
  14  0:25  SCV  
  15  0:39  SCV  
  15  0:40  Barracks  
  16  0:43  Refinery  
  16  0:51  SCV  
  17  1:03  SCV  
  18  1:15  SCV  
  19  1:28  Reaper, Orbital Command  
  20  1:39  Command Center  
  20  1:49  Supply Depot  
  20  1:54  SCV  
  21  2:00  Marine  
  22  2:04  Factory  
  22  2:07  SCV  
  23  2:11  Refinery  
  23  2:19  SCV  
  23  2:22  Barracks Reactor  
  24  2:31  SCV  
  25  2:43  SCV  
  25  2:53  Starport  
  25  2:55  SCV  
  26  3:01  Hellion  
  26  3:02  Hellion  
  30  3:07  SCV  
  30  3:08  Barracks Tech Lab  
  31  3:17  Orbital Command  
  31  3:19  SCV  
  32  3:23  Hellion  
  32  3:24  Hellion  
  36  3:31  SCV  
  37  3:35  Raven  
  39  3:44  SCV x2  
  41  3:54  Barracks Tech Lab, Hellion x2  
  41  3:55  Supply Depot  
  45  3:56  SCV  
  46  4:09  SCV x2  
  41  4:20  Raven  
  41  4:21  SCV x2  
  43  4:25  Command Center  
  43  4:31  Hellion x2  
  47  4:33  SCV x2  
  47  4:38  Supply Depot  
  49  4:45  SCV x2  
  51  4:46  Supply Depot  
  51  4:57  SCV x2  
  51  4:58  Factory Reactor  
  53  5:01  Marine  
  53  5:05  Barracks  
  54  5:07  Barracks  
  54  5:09  SCV  
  54  5:14  SCV  
  56  5:19  Marine  
  56  5:20  Engineering Bay x2, Starport Reactor  
  57  5:23  Refinery x2  
  57  5:27  SCV  
  58  5:37  SCV, Marine  
  60  5:46  SCV  
  60  5:47  Factory Reactor, Orbital Command  
  61  5:54  SCV, Marine x2  
  61  5:55  Marine  
  63  5:59  SCV  
  63  6:02  Barracks, Marine x2  
  66  6:05  Barracks  
  66  6:06  SCV  
Show
View Real Time Build Order
Export as new Build Order

Reynor Zerg - Winner!

Build Orders: Pool First 

Get SALT Encoding   

  12  0:00  Drone  
  13  0:12  Overlord  
  13  0:16  Drone  
  14  0:30  Drone x2  
  16  0:40  Spawning Pool  
  15  0:44  Drone  
  15  0:47  Drone  
  17  1:10  Hatchery  
  16  1:13  Drone  
  17  1:27  Zergling x4  
  17  1:28  Zergling x2  
  17  1:32  Queen  
  22  1:40  Overlord  
  22  1:46  Extractor  
  21  1:49  Drone  
  22  2:00  Drone  
  23  2:08  Queen  
  23  2:10  Drone  
  26  2:21  Drone  
  26  2:22  Drone  
  28  2:25  Queen  
  30  2:32  Drone  
  30  2:35  Overlord  
  31  2:41  Drone  
  30  2:45  Drone x2  
  30  2:46  Drone x2  
  33  2:54  Drone  
  33  2:56  Drone  
  35  3:07  Hatchery  
  35  3:10  Metabolic Boost  
  34  3:13  Drone  
  34  3:18  Queen  
  37  3:21  Drone  
  37  3:24  Overlord  
  37  3:26  Zergling x2  
  39  3:28  Zergling x2  
  39  3:30  Zergling x2  
  39  3:33  Drone  
  42  3:35  Drone  
  42  3:36  Drone  
  44  3:43  Zergling x2  
  44  3:45  Drone x3  
  48  3:52  Zergling x2  
  48  3:55  Zergling x2  
  52  4:04  Overlord  
  52  4:05  Evolution Chamber  
  49  4:11  Drone x2  
  49  4:14  Overlord  
  51  4:18  Overlord  
  51  4:23  Drone x3  
  55  4:24  Drone  
  55  4:27  Roach Warren  
  55  4:29  Extractor  
  51  4:35  Drone  
  51  4:38  Drone x3, Extractor  
  55  4:40  Overlord  
  55  4:43  Zergling x10  
  59  4:50  Overlord  
  59  5:08  Roach x9  
  59  5:10  Zergling x4  
  78  5:16  Roach x2  
  78  5:20  Roach  
  83  5:22  Zergling x2  
  83  5:24  Zergling x2  
  83  5:26  Zergling x2  
  86  5:31  Ravager x2  
  86  5:34  Overlord  
  86  5:37  Drone x3  
  86  5:43  Zergling x6  
  86  5:47  Ravager  
  90  5:50  Overlord  
  90  5:51  Overlord  
  90  5:55  Ravager  
  90  5:56  Zergling x4  
  93  6:00  Zergling x4  
  93  6:03  Ravager  
  96  6:05  Overlord  
Tags
 
Add a new tag
Caveats
  • Supply blocks, unpowered buildings, or Contaminate may cause inaccurate times.
  • Supply counts are checked every 10 seconds.